Map: Magannatha LE

Players

mares

  • Race: Protoss Protoss
  • Spawn Location: 11:00

A.I. 1 (Very Easy) - Winner!

  • Race: Terran Terran
  • Spawn Location: 5:00

VOD

Have the link to the VOD?

Description

Time

  • Played on: June 8, 2025, 5:47 a.m.
  • Length: 4:41
Show
View Real Time Build Order
Export as new Build Order

mares Protoss 

Build Orders: 1 Gate Expand, Dark Templar Rush 

Get SALT Encoding   

  6  0:00  Probe  
  13  0:12  Probe  
  14  0:17  Pylon  
  14  0:25  Probe  
  15  0:36  Probe  
  15  0:37  Gateway  
  15  0:42  Assimilator  
  16  0:44  Probe  
  17  0:52  Probe  
  18  1:03  Probe  
  19  1:15  Probe  
  20  1:23  Cybernetics Core  
  20  1:32  Nexus  
  20  1:36  Probe  
  21  1:42  Pylon  
  21  1:48  Assimilator, Stalker  
  21  1:50  Probe  
  24  2:02  Warp Gate  
  24  2:05  Probe  
  25  2:17  Probe  
  26  2:27  Twilight Council  
  26  2:32  Probe  
  27  2:37  Pylon  
  27  2:44  Probe x2  
  29  2:55  Robotics Facility  
  29  2:56  Probe  
  29  2:57  Probe  
  31  3:08  Probe  
  31  3:12  Dark Shrine  
  32  3:15  Probe  
  33  3:20  Probe  
  33  3:22  Gateway  
  33  3:24  Gateway  
  34  3:30  Gateway  
  34  3:33  Probe  
  35  3:35  Probe  
  36  3:42  Assimilator  
  36  3:44  Warp Prism  
  36  3:45  Assimilator, Probe  
  39  3:58  Probe  
  40  4:09  Probe  
  41  4:10  Probe  
  42  4:24  Probe  
  42  4:27  Dark Templar x4  
Show
View Real Time Build Order
Export as new Build Order

A.I. 1 (Very Easy) Terran - Winner!

Build Orders:  

Get SALT Encoding   

  6  0:00  SCV  
  13  0:13  SCV  
  14  0:18  Supply Depot  
  14  0:37  Refinery  
  14  0:42  Barracks  
  14  1:03  Supply Depot  
  14  1:12  Refinery  
  14  1:29  Marine  
  14  1:30  Orbital Command  
  15  1:48  Barracks Tech Lab  
  15  1:56  SCV  
  17  2:08  SCV  
  17  2:17  Marine  
  17  2:20  SCV  
  19  2:32  SCV  
  20  2:44  SCV  
  21  2:56  SCV  
  24  3:05  Marauder  
  21  4:40  Supply Depot  
Tags
 
Add a new tag
Caveats
  • Supply blocks, unpowered buildings, or Contaminate may cause inaccurate times.
  • Supply counts are checked every 10 seconds.